 Dungeon Crawl Stone Soup version 0.32-a0-7-ge934b4519a (webtiles) character file.

Game seed: 425176261428706373

140 zazu2006 the Cudgeller (level 5, -8/64 HPs)
             Began as a Gnoll Wanderer on Jan 14, 2024.
             Mangled by a gnoll
             ... wielding a +0 halberd
              (16 damage)
             ... on level 4 of the Dungeon.
             The game lasted 00:03:46 (2228 turns).

zazu2006 the Cudgeller (Gnoll Wanderer)             Turns: 2228, Time: 00:03:46

Health: -8/64      AC:  3    Str:  9 (12) XL:     5   Next: 22%
Magic:  12/12      EV: 11    Int:  9 (11) God:
Gold:   192        SH:  0    Dex: 12 (13) Spells: 14/14 levels left

rFire   . . .        a - +1 flail
rCold   . . .        (no shield)
rNeg    . . .        c - +0 leather armour
rPois   .            (no helmet)
rElec   .            d - scarf {repulsion}
rCorr   .            (no gloves)
SInv    .            (no boots)
Will    .....        (no amulet) Stlth
                     (no ring)
HPRegen 0.30/turn    (no ring)
MPRegen 0.13/turn

%: repel missiles
@: berserking, hasted, very quick
A: fangs 1, strong nose, distributed training
a: no special abilities


You were on level 4 of the Dungeon.
You visited 1 branch of the dungeon, and saw 4 of its levels.

You collected 192 gold pieces.

Inventory:

Hand Weapons
 a - a +1 flail (weapon)
Armour
 c - a +0 leather armour (worn)
 d - a scarf of repulsion (worn)
Scrolls
 b - a scroll of blinking
 e - 2 scrolls of identify {unknown}
 f - 2 scrolls of enchant armour {unknown}
 g - a scroll of fear {unknown}
 i - 2 scrolls of amnesia {unknown}
 l - a scroll of immolation {unknown}
 m - a scroll of torment {unknown}
 o - a scroll of noise {unknown}
 p - 2 scrolls of fog {unknown}


   Skills:
 + Level 4.8 Fighting
 + Level 1.4 Short Blades
 + Level 1.4 Long Blades
 + Level 1.4 Axes
 + Level 6.7 Maces & Flails
 + Level 1.4 Polearms
 + Level 1.4 Staves
 + Level 1.4 Ranged Weapons
 + Level 1.4 Throwing
 + Level 1.4 Armour
 + Level 1.4 Dodging
 + Level 1.4 Stealth
 + Level 1.4 Shields
 + Level 1.4 Unarmed Combat
 + Level 5.2 Spellcasting
 + Level 1.1 Conjurations
 + Level 1.1 Hexes
 + Level 1.1 Summonings
 + Level 1.1 Necromancy
 + Level 2.4 Translocations
 + Level 1.1 Fire Magic
 + Level 1.1 Ice Magic
 + Level 1.1 Air Magic
 + Level 1.1 Earth Magic
 + Level 1.1 Alchemy
 + Level 1.6 Invocations
 + Level 4.8 Evocations
 + Level 1.3 Shapeshifting


You had 14 spell levels left.
You didn't know any spells.
Your spell library contained the following spells:

 Spells                   Type           Power      Damage    Failure   Level
 Blink                    Tloc           12%        N/A       19%         2
 Momentum Strike          Conj/Tloc      10%        3d8       24%         2


Dungeon Overview and Level Annotations

Branches:
Dungeon (4/15)
 Temple: D:4-7

Altars:
Elyvilon
Nemelex Xobeh
Ru

Shops:
D:1 :

Annotations:
D:3 2 transporters, MisterAzrael's ghost, amateur OnSh


Innate Abilities, Weirdness & Mutations

You have very sharp teeth.
Your uncanny sense of smell can sniff out nearby items.
Your experience applies equally to all skills.


Message History

It was a potion of curing.
You feel better.
The adder hisses angrily.
The gnoll hits you with a +0 whip.
* * * LOW HITPOINT WARNING * * *
You feel better. The gnoll hits you with a +0 whip.
It was a potion of haste.
You feel yourself speed up. The gnoll completely misses you.
You closely miss the adder.
The gnoll hits you from afar with a +0 halberd.
* * * LOW HITPOINT WARNING * * *
The gnoll misses you.
You closely miss the adder. The adder bites you.
* * * LOW HITPOINT WARNING * * *
You closely miss the adder.
The gnoll hits you from afar with a +0 halberd.
* * * LOW HITPOINT WARNING * * *
The gnoll misses you. The adder bites you but does no damage.
You feel better. The adder bites you.
* * * LOW HITPOINT WARNING * * *
The gnoll hits you from afar with a +0 halberd.
* * * LOW HITPOINT WARNING * * *
The gnoll misses you.
It was a potion of degeneration.
There was something very wrong with that liquid.
You feel weakened.
You feel dopey.
You feel clumsy. The adder bites you.
* * * LOW HITPOINT WARNING * * *
It was a potion of heal wounds.
You feel much better.
The gnoll hits you from afar with a +0 halberd.
The gnoll hits you with a +0 whip!
* * * LOW HITPOINT WARNING * * *
A jackal comes into view.
The adder bites you.
* * * LOW HITPOINT WARNING * * *
It was a potion of berserk rage.
A red film seems to cover your vision as you go berserk!
You feel yourself moving faster!
You feel mighty!
The jackal barks!
The gnoll hits you from afar with a +0 halberd!
You die...

... .....## .... #...#.#
...####...#.#
#.#.....h..#
#.....#..h.#
..##.......#..##
.....#.....#...#########
......<...†)..gg@S...?.#
.........###...######...
##.......# #...#
.....#...# #.....
.....S.... ##......
...#.####.# ##......
h#... ∆ .. #...... ....
...∆#......


You could see 2 gnolls, an adder and 2 jackals.

Vanquished Creatures
  A gnoll (D:4)
  7 adders
  4 dart slugs
  2 ribbon worms (D:3)
  4 bats
  5 endoplasms
  2 giant cockroaches
  6 goblins
  5 hobgoblins
  A jackal (D:4)
  5 kobolds
  2 quokkas
  6 ball pythons
  A frilled lizard (D:1)
  5 rats
56 creatures vanquished.

Notes
Turn   | Place    | Note
-------+----------+-------------------------------------------
     0 | D:1      | zazu2006 the Gnoll Wanderer began the quest for the Orb.
     0 | D:1      | zazu2006 set off with the following items: a +1 flail, a
                  | scroll of blinking, a +0 leather armour; and the following
                  | spells available to memorise: Blink, Momentum Strike.
     0 | D:1      | Reached XP level 1. HP: 20/20 MP: 6/6
    78 | D:1      | Reached XP level 2. HP: 24/26 MP: 7/7
   486 | D:1      | Found Quwekluq's Book Boutique.
   692 | D:2      | Reached skill level 5 in Spellcasting
   692 | D:2      | Reached XP level 3. HP: 31/31 MP: 7/9
   963 | D:2      | Found a white marble altar of Elyvilon.
   987 | D:2      | Reached skill level 1 in Invocations
  1044 | D:2      | Reached skill level 1 in Short Blades
  1044 | D:2      | Reached skill level 1 in Long Blades
  1044 | D:2      | Reached skill level 1 in Axes
  1044 | D:2      | Reached skill level 1 in Polearms
  1044 | D:2      | Reached skill level 1 in Staves
  1044 | D:2      | Reached skill level 1 in Ranged Weapons
  1044 | D:2      | Reached skill level 1 in Throwing
  1044 | D:2      | Reached skill level 1 in Armour
  1044 | D:2      | Reached skill level 1 in Dodging
  1044 | D:2      | Reached skill level 1 in Stealth
  1044 | D:2      | Reached skill level 1 in Shields
  1044 | D:2      | Reached skill level 1 in Unarmed Combat
  1297 | D:3      | Found a transporter.
  1297 | D:3      | Noticed MisterAzrael's ghost (amateur OnSh)
  1338 | D:3      | Reached skill level 1 in Shapeshifting
  1338 | D:3      | Reached XP level 4. HP: 29/38 MP: 11/11
  1578 | D:3      | Reached skill level 1 in Conjurations
  1578 | D:3      | Reached skill level 1 in Hexes
  1578 | D:3      | Reached skill level 1 in Summonings
  1578 | D:3      | Reached skill level 1 in Necromancy
  1578 | D:3      | Reached skill level 1 in Fire Magic
  1578 | D:3      | Reached skill level 1 in Ice Magic
  1578 | D:3      | Reached skill level 1 in Air Magic
  1578 | D:3      | Reached skill level 1 in Earth Magic
  1578 | D:3      | Reached skill level 1 in Alchemy
  1747 | D:3      | Found a transporter.
  1969 | D:3      | Found a sparkling altar of Nemelex Xobeh.
  2071 | D:3      | Found a sacrificial altar of Ru.
  2212 | D:4      | Reached XP level 5. HP: 20/43 MP: 12/12
  2226 | D:4      | HP: 1/43 [adder (3)]
  2228 | D:4      | Mangled by a gnoll

Illustrated notes

Levels and vault maps discovered:
D:1:      doesnt_arrival_eight_statues, layout_loops_cross, serial_shops,
          nicolae_shop_tiny_statue_garden
D:2:      layout_loops_ring, basic_altar
D:3:      layout_basic, mainiacjoe_overflow_alcove_4,
          mainiacjoe_overflow_cross_hatched, gammafunk_ghost_stat_death
D:4:      layout_rooms, mainiacjoe_overflow_six_doors_small,
          nicolae_yredelemnul_ghost_church,
          nicolae_uskayaw_murder_on_the_dancefloor, minmay_temple_entry_grid,
          hex_intersection, grunt_ministairs_4, minivault_11,
          minmay_misc_feat_doors, feat_on_display, uniq_ijyb

Skill      XL: |  1  2  3  4 |
---------------+-------------+-----
Translocations | 2 |  2.4
Spellcasting   | 5 |  5.2
Invocations    | 1 |  1.6
Short Blades   | 1 |  1.4
Long Blades    | 1 |  1.4
Axes           | 1 |  1.4
Polearms       | 1 |  1.4
Staves         | 1 |  1.4
Ranged Weapons | 1 |  1.4
Throwing       | 1 |  1.4
Armour         | 1 |  1.4
Dodging        | 1 |  1.4
Stealth        | 1 |  1.4
Shields        | 1 |  1.4
Unarmed Combat | 1 |  1.4
Shapeshifting  | 1 |  1.3
Conjurations   | 1 |  1.1
Hexes          | 1 |  1.1
Summonings     | 1 |  1.1
Necromancy     | 1 |  1.1
Fire Magic     | 1 |  1.1
Ice Magic      | 1 |  1.1
Air Magic      | 1 |  1.1
Earth Magic    | 1 |  1.1
Alchemy        | 1 |  1.1
Fighting       | |  4.8
Maces & Flails | |  6.7
Evocations     | |  4.8

Action                     |  1- 3 |  4- 6 || total
---------------------------+-------+-------++-------
  Melee: Flail             |    88 |    86 ||   174
         Bite              |     5 |    10 ||    15
         Punch             |     1 |     1 ||     2
    Use: Potion            |       |     7 ||     7
   Stab: Sleeping          |     1 |       ||     1
 Armour: Leather armour    |    58 |    78 ||   136
  Dodge: Dodged            |    42 |    62 ||   104
         Repelled          |     2 |     2 ||     4

Table legend: (Time is in decaauts)
 A = Elapsed time spent in this place.
 B = Non-inter-level travel time spent in this place.
 C = Inter-level travel time spent in this place.
 D = Time resting spent in this place.
 E = Time spent auto-exploring this place.
 F = Levels seen in this place.
 G = Mean time per level.
                   A        B        C        D        E       F      G
               +--------+--------+--------+--------+--------+-----+--------+
         Total |   2237 |   2180 |     57 |      0 |   1714 |   4 |  559.2 |
       Dungeon |   2237 |   2180 |     57 |      0 |   1714 |   4 |  559.2 |
               +--------+--------+--------+--------+--------+-----+--------+

Top non-repeatable levels by time:
     D:3: 902 daAuts
     D:2: 699 daAuts
     D:1: 591 daAuts
     D:4: 44 daAuts
